 Dungeon Crawl Stone Soup version 0.19.1 (webtiles) character file.

3127 esteth the Grappler (level 9, -4/133 HPs)
             Began as a Troll Berserker on Dec 15, 2016.
             Was a High Priest of Trog.
             Slain by an orc warrior
             ... wielding a +0 glaive
              (18 damage)
             ... on level 7 of the Dungeon.
             The game lasted 00:14:08 (4516 turns).

esteth the Grappler (Troll Berserker)               Turns: 4516, Time: 00:14:09

Health: -4/133     AC:  5    Str: 35    XL:     9   Next: 61%
Magic:  8/8        EV: 12    Int:  3    God:    Trog [*****.]
Gold:   525        SH:  0    Dex:  9    Spells: 0 memorised, 8 levels left

rFire  . . .     SeeInvis .       - Unarmed
rCold  . . .     Gourm    +     a - +0 animal skin
rNeg   . . .     Faith    .     (no shield)
rPois  +         Spirit   .     (helmet restricted)
rElec  .         Reflect  .     (no cloak)
rCorr  .         Harm     .     (gloves unavailable)
MR     .....                    (boots unavailable)
Stlth  ..........               D - amulet of rage
                                (no ring)
                                s - ring of poison resistance

@: berserking, very quick
A: unfitting armour, claws 3, fast metabolism 3, gourmand, regeneration 1,
shaggy fur 1, tough skin 2
a: Berserk, Trog's Hand, Brothers in Arms, Burn Spellbooks, Renounce Religion,
Evoke Berserk Rage


You were on level 7 of the Dungeon.
You worshipped Trog.
Trog was extremely pleased with you.
You were not hungry.

You visited 1 branch of the dungeon, and saw 7 of its levels.

You collected 525 gold pieces.

Inventory:

Armour
 a - a +0 animal skin (worn)
Jewellery
 p - an uncursed amulet of magic regeneration
 s - a ring of poison resistance (left claw)
 D - an amulet of rage (around neck)
 I - an uncursed ring of resist corrosion
Wands
 x - a wand of flame (32/48)
 y - a wand of digging (13/24)
 A - a wand of flame (23/48)
 C - a wand of digging (4/24)
Scrolls
 c - 2 scrolls of enchant armour {unknown}
 e - 2 scrolls of blinking {unknown}
 f - 4 scrolls of enchant weapon {unknown}
 m - a scroll of recharging {unknown}
 r - 2 scrolls of teleportation {unknown}
 B - 5 scrolls of remove curse {unknown}
 E - a scroll of random uselessness {unknown}
 F - a scroll of identify
 G - a scroll of holy word {unknown}
Potions
 d - a potion of resistance {unknown}
 h - 2 potions of curing
 i - 3 potions of degeneration {unknown}
 j - 2 potions of berserk rage {unknown}
 l - a potion of cancellation {unknown}
 o - 2 potions of flight {unknown}
 q - 2 potions of lignification {unknown}
 t - a potion of agility {unknown}
 v - a potion of heal wounds {unknown}
 w - 2 potions of mutation {unknown}
 z - a potion of magic {unknown}
 H - a potion of might {unknown}
 J - a potion of invisibility {unknown}
Comestibles
 b - 4 bread rations
 g - 3 fruits
 k - a royal jelly
 n - 3 meat rations
 u - 3 slices of pizza


   Skills:
 + Level 6.0 Fighting
 + Level 5.9 Dodging
 * Level 10.3 Unarmed Combat


You had 8 spell levels left.
You didn't know any spells.

Dungeon Overview and Level Annotations

Branches:
Dungeon (7/15)             Temple (0/1) D:5

Altars:
Kikubaaqudgha
Nemelex Xobeh
Uskayaw
The Shining One


Innate Abilities, Weirdness & Mutations

You are too large for most types of armour.
You have claws for hands.
Your metabolism is lightning-fast.
You like to eat raw meat.
Your natural rate of healing is unusually fast.
You are covered in fur. (AC +1)
You have very tough skin. (AC +2)


Message History

The orc warrior hits you with a glaive!
* * * LOW HITPOINT WARNING * * *
The orc hits you but does no damage.
You are too injured to fight recklessly!
You are too injured to fight recklessly!
A red film seems to cover your vision as you go berserk!
You feel yourself moving faster!
You feel mighty!
You feel a lot more hungry. The orc warrior closely misses you.
The orc barely misses you.
You are too injured to fight recklessly!
You are too injured to fight recklessly!
You are too injured to fight recklessly!
You feel a strong urge to attack something.
You mangle the orc!!
You kill the orc!
Trog accepts your kill.
The orc warrior hits you from afar with a glaive.
* * * LOW HITPOINT WARNING * * *
You feel a strong urge to attack something.
The orc warrior hits you from afar with a glaive!!
You die...

#. #.# #.##.# #.#
###. .....#
#..#.###.# #....
..#.# ##.#.#.... ...
#.#.###.##..†#####
...#.#.... ##....# #
###.#....#
###..#.###
#..J.o...#
#...>....# #o...#
####..##.#
#@...#####.......#
#...........#..#)#
#.###.#########.(...
#.....# #.........#
#.......# #<..).
#######.# #..... #.#
#.##)# #.. #.##..
### #....#


You could see an orc warrior and an orc.

Vanquished Creatures
  Grinder (D:3)
  A hippogriff (D:6)
  5 humans (D:6)
  The ghost of Cokeysmoke the Shield-Bearer, an amateur FoFi (D:3)
  A water moccasin (D:7)
  An ice beast (D:6)
  A phantom (D:6)
  4 ogres
  2 centaurs
  2 bullfrogs (D:7)
  A scorpion (D:5)
  3 crimson imps
  2 howler monkeys (D:5)
  A bullfrog zombie (D:5)
  A jelly (D:5)
  3 orc priests
  2 centaur skeletons (D:6)
  4 hounds
  3 iguanas
  6 orc wizards
  2 worker ants
  A worker ant zombie (D:6)
  7 adders
  A shadow imp (D:6)
  An adder zombie (D:6)
  A worm (D:2)
  2 leopard geckos (D:4)
  34 orcs
  7 giant cockroaches
  6 goblins (D:1)
  9 hobgoblins
  6 jackals
  2 quokkas (D:6)
  13 bats
  7 frilled lizards
  12 kobolds
  A quokka zombie (D:6)
  13 rats
  A fungus (D:3)
171 creatures vanquished.

Notes
Turn   | Place    | Note
-------+----------+-------------------------------------------
     0 | D:1      | esteth the Troll Berserker began the quest for the Orb.
     0 | D:1      | Reached XP level 1. HP: 22/22 MP: 0/0
   160 | D:1      | Reached XP level 2. HP: 29/29 MP: 1/1
   452 | D:1      | Reached ** piety under Trog
   569 | D:1      | Reached XP level 3. HP: 33/36 MP: 2/2
   934 | D:2      | Reached skill level 4 in Unarmed Combat
  1318 | D:3      | Noticed Grinder
  1325 | D:3      | Found a glowing golden altar of the Shining One.
  1325 | D:3      | Paralysed by Grinder for 6 turns
  1365 | D:3      | Killed Grinder
  1365 | D:3      | Reached skill level 5 in Unarmed Combat
  1365 | D:3      | Reached XP level 4. HP: 16/45 MP: 3/3
  1365 | D:3      | Reached XP level 5. HP: 19/53 MP: 4/4
  1530 | D:3      | Reached XP level 6. HP: 61/61 MP: 5/5
  1554 | D:3      | Reached *** piety under Trog
  1641 | D:3      | Noticed Cokeysmoke's ghost (amateur FoFi)
  1650 | D:3      | Killed Cokeysmoke's ghost
  1768 | D:3      | Reached skill level 6 in Unarmed Combat
  1906 | D:3      | Reached XP level 7. HP: 68/68 MP: 6/6
  2470 | D:4      | Reached **** piety under Trog
  2617 | D:4      | Found a sparkling altar of Nemelex Xobeh.
  2620 | D:4      | Found an ancient bone altar of Kikubaaqudgha.
  2623 | D:4      | Found a hide-covered altar of Uskayaw.
  2705 | D:5      | Entered Level 5 of the Dungeon
  2708 | D:5      | Found a staircase to the Ecumenical Temple.
  2768 | D:5      | Reached skill level 7 in Unarmed Combat
  2927 | D:5      | Reached XP level 8. HP: 71/79 MP: 7/7
  3300 | D:6      | Reached skill level 8 in Unarmed Combat
  3327 | D:6      | Reached skill level 5 in Fighting
  3327 | D:6      | Reached skill level 5 in Dodging
  3540 | D:6      | Reached skill level 9 in Unarmed Combat
  3636 | D:6      | Reached XP level 9. HP: 88/88 MP: 8/8
  3928 | D:6      | Reached ***** piety under Trog
  4103 | D:7      | Reached skill level 10 in Unarmed Combat
  4516 | D:7      | Slain by an orc warrior

Skill      XL: |  1  2  3  4  5  6  7  8  9 |
---------------+----------------------------+-----
Unarmed Combat | 5 6 7 9 10 | 10.3
Fighting       | 3 4 5 6 |  6.0
Dodging        | 3 4 5 |  5.9

Action                   |  1- 3 |  4- 6 |  7- 9 || total
-------------------------+-------+-------+-------++-------
Melee: Unarmed           |   132 |    55 |   314 ||   501
       Punch             |     1 |     3 |    21 ||    25
Invok: Burn Spellbooks   |       |       |     1 ||     1
       Berserk           |       |       |     2 ||     2
  Use: Scroll            |     1 |     1 |     3 ||     5
       Potion            |       |       |     1 ||     1
 Stab: Distracted        |     1 |       |     2 ||     3
       Sleeping          |       |       |     1 ||     1
  Eat: Chunk             |     5 |       |    14 ||    19
       Bread ration      |     1 |     1 |     3 ||     5
Armor: Animal skin       |    40 |    12 |    69 ||   121
Dodge: Dodged            |    55 |    18 |   174 ||   247
